 Dungeon Crawl Stone Soup version 0.28-a0-1038-g9c4cb8273d (webtiles) character file.

Game seed: 16149139558690940968

49 RepHenryClay the Stinger (level 3, 0/21 HPs)
             Began as an Octopode Venom Mage on Dec 9, 2021.
             Succumbed to an adder's poison
             ... on level 2 of the Dungeon.
             The game lasted 00:02:16 (1714 turns).

RepHenryClay the Stinger (Octopode Venom Mage)      Turns: 1714, Time: 00:02:16

Health: 0/21       AC:  1    Str:  4 (7)  XL:     3   Next: 75%
Magic:  1/6        EV: 13    Int: 18 (19) God:
Gold:   67         SH:  0    Dex: 10 (12) Spells: 0/6 levels left

rFire   . . .      SeeInvis .   (no weapon)
rCold   . . .      Faith    .   (no shield)
rNeg    . . .      Spirit   .   (helmet restricted)
rPois   .          Reflect  .   (no amulet)
rElec   .          Harm     .   (no ring)
rCorr   .          Rampage  .   (no ring)
Will    .....                   (no ring)
Stlth   +++.......              (no ring)
HPRegen 0.07/turn               (no ring)
MPRegen 0.10/turn               (no ring)
                                (no ring)
                                (no ring)

@: lethally poisoned (0 -> -2)
A: almost no armour, amphibious, 8 rings, camouflage 1, gelatinous body 1,
(nimble swimmer 1), tentacles
a: no special abilities


You were on level 2 of the Dungeon.
You visited 1 branch of the dungeon, and saw 2 of its levels.

You collected 67 gold pieces.

Inventory:

Missiles
 a - 2 atropa-tipped darts
Scrolls
 b - a scroll of silence {unknown}
 c - a scroll of immolation {unknown}
 e - 2 scrolls of identify {unknown}
 f - a scroll of enchant weapon {unknown}
 g - a scroll of amnesia {unknown}


   Skills:
 - Level 2.3 Dodging
 - Level 3.3 Stealth
 - Level 2.3 Spellcasting
 + Level 1.3 Conjurations
 - Level 1.5 Transmutations
 - Level 4.0 Poison Magic


You couldn't memorise any spells.
You knew the following spells:

 Your Spells              Type           Power      Damage    Failure   Level
a - Sting                 Tmut/Pois      48%        1d5       5%          1
b - Poisonous Vapours     Pois/Air       18%        N/A       12%         2
c - Mephitic Cloud        Conj/Pois/Air  8%         N/A       26%         3

Your spell library contained the following spells:

 Spells                   Type           Power      Damage    Failure   Level
 Olgreb's Toxic Radiance  Pois           16%        N/A       32%         4


Dungeon Overview and Level Annotations

Branches:
Dungeon (2/15)

Altars:
The Shining One


Innate Abilities, Weirdness & Mutations

You cannot wear most types of armour.
You are amphibious.
You can wear up to eight rings at the same time.
Your skin changes colour to match your surroundings (Stealth+).
Your rubbery body absorbs attacks. (AC +1, EV +1)
((You are camouflaged near water. (Stealth+)))
You have tentacles for arms and can constrict up to eight enemies at once.


Message History

Press: ? - help, Shift-Dir - straight line, f/p - adder
Aim: an adder (53% to hit)
The sting hits the adder.
The adder is poisoned.
The adder is moderately wounded.
You feel sick. The adder bites you.
You are lethally poisoned!
The adder poisons you!
Huge Dmg: -15%(-3hp) hp: 43%(9hp) It was a potion of degeneration.
There was something very wrong with that liquid.
You feel weakened.
You feel dopey.
You feel clumsy.
* * * LOW HITPOINT WARNING * * *
You feel sick. The adder closely misses you.
Huge Dmg: -9%(-2hp) hp: 34%(7hp)
You tentacle-slap the adder but do no damage.
Your grab misses the adder.
The adder is severely wounded.
* * * LOW HITPOINT WARNING * * *
You feel sick. The adder barely misses you.
Damage: -5%(-1hp) hp: 29%(6hp) Unknown command.
You closely miss the adder. Your grab misses the adder.
The adder is almost dead.
* * * LOW HITPOINT WARNING * * *
You feel sick.
You kill the adder!
Your Conjurations skill increases to level 1!
Huge Dmg: -9%(-2hp) hp: 20%(4hp)
You open the door.
* * * LOW HITPOINT WARNING * * *
You feel sick.
Huge Dmg: -5%(-1hp) hp: 15%(3hp)
* * * LOW HITPOINT WARNING * * *
You feel sick.
There is an open door here.
Huge Dmg: -5%(-1hp) hp: 10%(2hp)
* * * LOW HITPOINT WARNING * * *
You feel sick.
Huge Dmg: -5%(-1hp) hp: 5%(1hp)
You die...

.....# #+###.....>......
.....#
#...............#####
.....# #..........###'##
.....#
#..........###.####
.....#
#####.................#
.....#
..........)...........###
.#####
........................#
.#
..........)....#........#
.###
...>...@.†.....#........#
.#<#
.......##'#....#........#
...# .......
#.#.............# ...#
....... ####....####.....
...# ....... #....#
#..... ...# .......
♣....♣ #..... ..)#
....... ♣...♣♣ #.....
'#.# ###+### ♣♣.♣♣ #.....
.#.######## .♣♣ ######


There were no monsters in sight!

Vanquished Creatures
  2 adders (D:2)
  2 dart slugs
  4 endoplasms
  3 goblins (D:2)
  2 hobgoblins (D:2)
  2 jackals (D:2)
  6 kobolds
  A ball python (D:2)
  2 frilled lizards
24 creatures vanquished.

Notes
Turn   | Place    | Note
-------+----------+-------------------------------------------
     0 | D:1      | RepHenryClay the Octopode Venom Mage began the quest for
                  | the Orb.
     0 | D:1      | Reached XP level 1. HP: 11/11 MP: 3/3
   459 | D:1      | Found a faded altar of an unknown god.
   608 | D:1      | Reached XP level 2. HP: 17/17 MP: 3/5
   752 | D:1      | Learned a level 2 spell: Poisonous Vapours
  1050 | D:2      | Reached skill level 4 in Poison Magic
  1050 | D:2      | Reached XP level 3. HP: 6/21 MP: 2/6
  1302 | D:2      | Learned a level 3 spell: Mephitic Cloud
  1567 | D:2      | Found a glowing golden altar of the Shining One.
  1711 | D:2      | Reached skill level 1 in Conjurations
  1713 | D:2      | HP: 1/21 [poisoned by an adder]
  1714 | D:2      | Succumbed to an adder's poison

Illustrated notes

Levels and vault maps discovered:
D:1:      lemuel_arrival_tunnels, layout_loops_ring,
          chequers_ecumenical_altar_island
D:2:      layout_basic, basic_altar, minmay_pentomino_p2,
          uniq_crazy_yiuf_cottage

Skill      XL: |  1  2  3 |
---------------+----------+-----
Stealth        | 3 |  3.3
Poison Magic   | 4 |  4.0
Conjurations   | 1 |  1.3
Dodging        | |  2.3
Spellcasting   | |  2.3
Transmutations | |  1.5

Action                   || total
-------------------------++-------
Melee: Unarmed           ||    23
       Tentacles         ||     2
       Constrict         ||     4
 Cast: Sting             ||    44
  Use: Potion            ||     2
Armor: Skin              ||     4
Dodge: Dodged            ||    23

Table legend: (Time is in decaauts)
 A = Elapsed time spent in this place.
 B = Non-inter-level travel time spent in this place.
 C = Inter-level travel time spent in this place.
 D = Time resting spent in this place.
 E = Time spent auto-exploring this place.
 F = Levels seen in this place.
 G = Mean time per level.
                   A        B        C        D        E       F      G
               +--------+--------+--------+--------+--------+-----+--------+
         Total |   1725 |   1680 |     45 |    262 |   1207 |   2 |  862.5 |
       Dungeon |   1725 |   1680 |     45 |    262 |   1207 |   2 |  862.5 |
               +--------+--------+--------+--------+--------+-----+--------+

Top non-repeatable levels by time:
     D:2: 972 daAuts
     D:1: 753 daAuts
